APP
JOHNSON CITY CARDINALS @ GRAND JUNCTION ROCKIES
07/27/2044
 
TOP OF THE 1ST
Johnson City Cardinals batting - Pitching for Grand Junction Rockies : LHP Kyle Mearkle
Pitching: LHP Kyle Mearkle
Batting: RHB Fortunato Fteira 0-0: Ball
1-0: Ball
2-0: Foul Ball, location: 2F
2-1: Called Strike
2-2: Foul Ball, location: 2F
2-2: Strikes out looking
Batting: RHB Austin Akers 0-0: Ball
1-0: Ground out 6-3 (Groundball, 6, EV 85.0 MPH)
Batting: SHB Jason Kirby 0-0: Ball
1-0: Ground out 1-3 (Groundball, 15S, EV 69.4 MPH)
Top of the 1st over - 0 runs, 0 hits, 0 errors, 0 left on base; Johnson City 0 - Grand Junction 0
BOTTOM OF THE 1ST
Grand Junction Rockies batting - Pitching for Johnson City Cardinals : RHP Casey Cogdill
Pitching: RHP Casey Cogdill
Batting: LHB Steve Gilliam 0-0: Foul Ball, location: 2F
0-1: SINGLE (Groundball, 4D, EV 95.6 MPH)
Batting: LHB Bill McGregor 0-0: Ball
1-0: Fielders Choice at 2nd, 6-4 (Groundball, 6, EV 84.4 MPH)
Batting: RHB John Boyer 0-0: Called Strike
0-1: Called Strike
0-2: Ball
1-2: Ball
2-2: SINGLE (Flyball, 7LS, EV 91.2 MPH)
Bill McGregor to second
Batting: LHB Chris Salim 0-0: Called Strike
0-1: Called Strike
0-2: Ball
1-2: Foul Ball, location: 2F
1-2: Ball
2-2: Strikes out swinging
Batting: LHB Zack Guillen 0-0: Ball
1-0: Called Strike
1-1: Ball
2-1: Swinging Strike
2-2: Ball
3-2: Base on Balls
Bill McGregor to third
John Boyer to second
Batting: RHB Willis Morales 0-0: Ball
Wild Pitch!
Bill McGregor scores
John Boyer to third
Zack Guillen to second
1-0: Foul Ball, location: 2F
1-1: Ball
2-1: Ground out 6-3 (Groundball, 6, EV 85.6 MPH)
Bottom of the 1st over - 1 run, 2 hits, 0 errors, 2 left on base; Johnson City 0 - Grand Junction 1
TOP OF THE 2ND
Johnson City Cardinals batting - Pitching for Grand Junction Rockies : LHP Kyle Mearkle
Batting: RHB Pat Scaturro 0-0: Ball
1-0: Ball
2-0: Ball
3-0: Called Strike
3-1: Base on Balls
Batting: RHB Josh Broome 0-0: Swinging Strike
0-1: Ball
1-1: Foul Ball, location: 2F
1-2: Strikes out swinging
Batting: LHB Billy Guzman 0-0: Called Strike
0-1: Swinging Strike
0-2: Strikes out swinging
Batting: RHB Brad Payne 0-0: Ground out U3 (Groundball, 3, EV 110.6 MPH)
Top of the 2nd over - 0 runs, 0 hits, 0 errors, 1 left on base; Johnson City 0 - Grand Junction 1
BOTTOM OF THE 2ND
Grand Junction Rockies batting - Pitching for Johnson City Cardinals : RHP Casey Cogdill
Batting: LHB Harry Folsom 0-0: Ball
1-0: Called Strike
1-1: Called Strike
1-2: Foul Ball, location: 2F
1-2: Strikes out looking
Batting: RHB Juan Figueroa 0-0: Ball
1-0: Ball
2-0: SOLO HOME RUN (Line Drive, 7D, EV 99.4 MPH), Distance : 390 ft
Batting: RHB Keith Giarratano 0-0: Ball
1-0: Ball
2-0: Swinging Strike
2-1: Foul Ball, location: 2F
2-2: Ball
3-2: Strikes out looking
Batting: LHB Steve Gilliam 0-0: Called Strike
0-1: Foul Ball, location: 2F
0-2: DOUBLE (Groundball, 3L, EV 98.1 MPH)
Batting: LHB Bill McGregor 0-0: Ball
1-0: Fly out, F8 (Flyball, 8RXD, EV 100.6 MPH)
Bottom of the 2nd over - 1 run, 2 hits, 0 errors, 1 left on base; Johnson City 0 - Grand Junction 2
TOP OF THE 3RD
Johnson City Cardinals batting - Pitching for Grand Junction Rockies : LHP Kyle Mearkle
Batting: RHB Geoff Musico 0-0: Called Strike
0-1: Ball
1-1: Called Strike
1-2: Ball
2-2: Strikes out looking
Batting: RHB David Klein 0-0: SOLO HOME RUN (Flyball, 7D, EV 96.9 MPH), Distance : 374 ft
Batting: RHB Fortunato Fteira 0-0: Fly out, F8 (Line Drive, 8LM, EV 93.1 MPH)
Batting: RHB Austin Akers 0-0: Ball
1-0: Ball
2-0: Called Strike
2-1: Foul Ball, location: 2F
2-2: SINGLE (Line Drive, 89S, EV 93.8 MPH)
Batting: SHB Jason Kirby 0-0: Ball
1-0: Called Strike
1-1: Foul Ball, location: 2F
1-2: Foul Ball, location: 2F
1-2: Foul Ball, location: 2F
1-2: SINGLE (Flyball, 5D, EV 93.1 MPH)
Austin Akers to second
Runner from 2nd tries for 3rd, SAFE, throw by LF made to third
Batting: RHB Pat Scaturro 0-0: Ball
1-0: Called Strike
1-1: Ball
2-1: Swinging Strike
2-2: Foul Ball, location: 2F
2-2: Strikes out swinging
Top of the 3rd over - 1 run, 3 hits, 0 errors, 2 left on base; Johnson City 1 - Grand Junction 2
BOTTOM OF THE 3RD
Grand Junction Rockies batting - Pitching for Johnson City Cardinals : RHP Casey Cogdill
Batting: RHB John Boyer 0-0: Ball
1-0: Called Strike
1-1: Swinging Strike
1-2: Ball
2-2: Ball
3-2: Foul Ball, location: 2F
3-2: Base on Balls
Batting: LHB Chris Salim 0-0: Ball
1-0: Foul Ball, location: 2F
1-1: Fielders Choice at 2nd, 6-4 (Groundball, 6, EV 107.5 MPH)
Batting: LHB Zack Guillen 0-0: Ball
1-0: Foul Ball, location: 2F
1-1: Fielders Choice at 2nd, U6 (Groundball, 4MD, EV 101.9 MPH)
Batting: RHB Willis Morales 0-0: Called Strike
Zack Guillen steals 2nd base
0-1: Foul Ball, location: 2F
0-2: Foul Ball, location: 2F
0-2: Ball
1-2: Foul Ball, location: 2F
1-2: Foul Ball, location: 2F
1-2: Strikes out swinging
Bottom of the 3rd over - 0 runs, 0 hits, 0 errors, 1 left on base; Johnson City 1 - Grand Junction 2
TOP OF THE 4TH
Johnson City Cardinals batting - Pitching for Grand Junction Rockies : LHP Kyle Mearkle
Batting: RHB Josh Broome 0-0: Ball
1-0: Foul Ball, location: 2F
1-1: Foul Ball, location: 2F
1-2: Ball
2-2: Strikes out swinging
Batting: LHB Billy Guzman 0-0: Called Strike
0-1: Called Strike
0-2: Strikes out swinging
Batting: RHB Brad Payne 0-0: Ball
1-0: Ball
2-0: Ball
3-0: Base on Balls
Batting: RHB Geoff Musico 0-0: Foul Ball, location: 2F
0-1: Foul Ball, location: 2F
0-2: Ball
1-2: Ball
2-2: DOUBLE (Flyball, 89D, EV 100.6 MPH)
Brad Payne to third
Pitching: RHP Jim Micaletti
Batting: RHB David Klein 0-0: Foul Ball, location: 2F
0-1: Ball
1-1: 3-RUN HOME RUN (Line Drive, 7LD, EV 98.8 MPH), Distance : 362 ft
Batting: RHB Fortunato Fteira 0-0: Foul Ball, location: 2F
0-1: Ball
1-1: Swinging Strike
1-2: TRIPLE (Flyball, 8LXD, EV 110.6 MPH)
Batting: RHB Austin Akers 0-0: Called Strike
0-1: Swinging Strike
0-2: Strikes out swinging
Top of the 4th over - 3 runs, 3 hits, 0 errors, 1 left on base; Johnson City 4 - Grand Junction 2
BOTTOM OF THE 4TH
Grand Junction Rockies batting - Pitching for Johnson City Cardinals : RHP Casey Cogdill
Batting: LHB Harry Folsom 0-0: Ball
1-0: Ball
2-0: Called Strike
2-1: Foul Ball, location: 2F
2-2: SINGLE (Groundball, 4MS, EV 66.2 MPH) (infield hit)
Batting: RHB Juan Figueroa 0-0: Ball
1-0: Foul Ball, location: 2F
1-1: Called Strike
1-2: Ball
2-2: Ball
3-2: Fielders Choice at 2nd, 6-4 (Groundball, 6D, EV 104.4 MPH)
Pitching: LHP Brian Rhyne
Batting: RHB Keith Giarratano 0-0: Called Strike
0-1: Ball
1-1: Ball
2-1: Ball
3-1: Foul Ball, location: 2F
3-2: DOUBLE (Line Drive, 9LM, EV 105.0 MPH)
Juan Figueroa to third
Juan Figueroa scores
Batting: LHB Steve Gilliam 0-0: Called Strike
0-1: Swinging Strike
0-2: Ball
1-2: Strikes out swinging
Batting: LHB Bill McGregor 0-0: Called Strike
0-1: Called Strike
0-2: Strikes out looking
Bottom of the 4th over - 1 run, 2 hits, 0 errors, 1 left on base; Johnson City 4 - Grand Junction 3
TOP OF THE 5TH
Johnson City Cardinals batting - Pitching for Grand Junction Rockies : RHP Jim Micaletti
Batting: SHB Jason Kirby 0-0: Ball
1-0: DOUBLE (Line Drive, 8RXD, EV 106.2 MPH)
Batting: RHB Pat Scaturro 0-0: Called Strike
0-1: Ball
1-1: Ball
2-1: Ground out U3 (Groundball, 34S, EV 70.0 MPH)
Jason Kirby to third
Batting: RHB Josh Broome 0-0: Ball
Wild Pitch!
Jason Kirby scores
1-0: Ball
2-0: Called Strike
2-1: Foul Ball, location: 2F
2-2: Ball
3-2: Base on Balls
Batting: LHB Billy Guzman 0-0: Ball
Josh Broome steals 2nd base
1-0: Ball
2-0: Called Strike
Josh Broome steals 3rd base
2-1: Foul Ball, location: 2F
2-2: Foul Ball, location: 2F
2-2: Fly out, F8 (Flyball, 8LS, EV 92.5 MPH)
Batting: RHB Brad Payne 0-0: Ball
1-0: Called Strike
1-1: Ball
2-1: Foul Ball, location: 2F
2-2: Foul Ball, location: 2F
2-2: Ball
3-2: SINGLE (Line Drive, 56, EV 93.8 MPH)
Josh Broome scores
Batting: RHB Geoff Musico 0-0: Called Strike
0-1: Ball
1-1: Foul Ball, location: 2F
1-2: Foul Ball, location: 2F
1-2: Foul Ball, location: 2F
1-2: Ball
2-2: Ball
Wild Pitch!
Brad Payne to second
3-2: Reached on error, E1 (Groundball, 34S, EV 63.8 MPH)
Brad Payne to third
Batting: RHB David Klein 0-0: Ball
1-0: Ball
2-0: Ball
3-0: Base on Balls
Geoff Musico to second
Batting: RHB Fortunato Fteira 0-0: Ball
1-0: DOUBLE (Flyball, 8LXD, EV 90.0 MPH)
Brad Payne scores
Geoff Musico scores
David Klein to third
Runner from 3rd tries for Home, throw by CF and OUT! 8-6-2
Top of the 5th over - 4 runs, 3 hits, 1 error, 1 left on base; Johnson City 8 - Grand Junction 3
BOTTOM OF THE 5TH
Grand Junction Rockies batting - Pitching for Johnson City Cardinals : LHP Brian Rhyne
Batting: RHB John Boyer 0-0: Ground out 6-3 (Groundball, 6, EV 99.4 MPH)
Batting: LHB Chris Salim 0-0: SINGLE (Groundball, 4MD, EV 108.1 MPH)
Batting: LHB Zack Guillen 0-0: Ball
1-0: Called Strike
1-1: Swinging Strike
1-2: Strikes out looking
Batting: RHB Willis Morales 0-0: Ball
1-0: Ball
2-0: Ball
3-0: Called Strike
3-1: Swinging Strike
3-2: DOUBLE (Line Drive, 8RXD, EV 103.8 MPH)
Chris Salim to third
Chris Salim scores
Batting: LHB Harry Folsom 0-0: Ground out 5-3 (Groundball, 56, EV 81.9 MPH)
Bottom of the 5th over - 1 run, 2 hits, 0 errors, 1 left on base; Johnson City 8 - Grand Junction 4
TOP OF THE 6TH
Johnson City Cardinals batting - Pitching for Grand Junction Rockies : RHP Jim Micaletti
Batting: RHB Austin Akers 0-0: Foul Ball, location: 2F
0-1: Foul Ball, location: 2F
0-2: Ball
1-2: DOUBLE (Line Drive, 78D, EV 105.0 MPH)
Batting: SHB Jason Kirby 0-0: Ball
1-0: Ball
2-0: Ball
3-0: Base on Balls
Batting: RHB Pat Scaturro 0-0: Foul Ball, location: 2F
0-1: Ball
1-1: Foul Ball, location: 2F
1-2: Ball
2-2: Ball
3-2: Base on Balls
Austin Akers to third
Jason Kirby to second
Pitching: RHP Andy Rayer
Batting: RHB Josh Broome 0-0: Ball
1-0: Grounds into double play, 6-4-3 (Groundball, 6, EV 78.8 MPH)
Austin Akers scores
Jason Kirby to third
Batting: LHB Billy Guzman 0-0: Swinging Strike
0-1: Foul Ball, location: 2F
0-2: Ball
1-2: DOUBLE (Line Drive, 8RXD, EV 111.9 MPH)
Jason Kirby scores
Batting: RHB Brad Payne 0-0: Called Strike
0-1: Ball
1-1: Ball
2-1: Ball
3-1: Base on Balls
Batting: RHB Geoff Musico 0-0: Ball
1-0: Swinging Strike
1-1: Ball
2-1: Ball
3-1: 3-RUN HOME RUN (Flyball, 7D, EV 96.2 MPH), Distance : 372 ft
Batting: RHB David Klein 0-0: Foul Ball, location: 2F
0-1: Foul Ball, location: 2F
0-2: Ball
1-2: Foul Ball, location: 2F
1-2: Ball
2-2: Ball
3-2: Base on Balls
Batting: RHB Fortunato Fteira 0-0: Called Strike
0-1: Foul Ball, location: 2F
0-2: Ball
1-2: Foul Ball, location: 2F
1-2: Ball
2-2: DOUBLE (Line Drive, 7LS, EV 101.9 MPH)
David Klein to third
Runner from 3rd tries for Home, SAFE, throw by LF to home
Pitching: RHP Jeff Sorrels
Batting: RHB Austin Akers 0-0: Ball
1-0: Ball
2-0: Called Strike
2-1: Ball
3-1: Foul Ball, location: 2F
3-2: Foul Ball, location: 2F
3-2: Base on Balls
Batting: SHB Jason Kirby 0-0: Ball
1-0: Foul Ball, location: 2F
1-1: Foul Ball, location: 2F
1-2: Ball
2-2: Ball
3-2: Foul Ball, location: 2F
3-2: Hit by Pitch
Fortunato Fteira to third
Austin Akers to second
Batting: RHB Pat Scaturro 0-0: SINGLE (Groundball, 6MD, EV 108.1 MPH)
Fortunato Fteira scores
Austin Akers to third
Jason Kirby to second
Runner from 3rd tries for Home, SAFE, throw by CF to home
Batting: RHB Josh Broome 0-0: Called Strike
0-1: Ball
1-1: SINGLE (Groundball, 34D, EV 101.2 MPH)
Jason Kirby to third
Pat Scaturro to second
Runner from 3rd tries for Home, SAFE, throw by RF to home
Batting: LHB Billy Guzman 0-0: Called Strike
0-1: Ball
1-1: Ball
2-1: Foul Ball, location: 2F
2-2: Strikes out swinging
Top of the 6th over - 9 runs, 6 hits, 0 errors, 2 left on base; Johnson City 17 - Grand Junction 4
BOTTOM OF THE 6TH
Grand Junction Rockies batting - Pitching for Johnson City Cardinals : LHP Brian Rhyne
Batting: RHB Juan Figueroa 0-0: Ball
1-0: Foul Ball, location: 2F
1-1: Ball
2-1: Foul Ball, location: 2F
2-2: SINGLE (Groundball, 34D, EV 98.1 MPH)
Pitching: LHP Carlos Salcido
Batting: RHB Keith Giarratano 0-0: Ball
1-0: Ball
2-0: Called Strike
2-1: Called Strike
2-2: Strikes out swinging
Juan Figueroa steals 2nd base (no throw)
Batter strikes out.
Batting: LHB Steve Gilliam 0-0: Foul Ball, location: 2F
0-1: Foul Ball, location: 2F
0-2: Foul Ball, location: 2F
0-2: 2-RUN HOME RUN (Flyball, 9D, EV 108.1 MPH), Distance : 411 ft
Batting: LHB Bill McGregor 0-0: Called Strike
0-1: Called Strike
0-2: Foul Ball, location: 2F
0-2: Foul Ball, location: 2F
0-2: Ball
1-2: Ball
2-2: Strikes out swinging
Batting: RHB John Boyer 0-0: Ball
1-0: Foul Ball, location: 2F
1-1: Ball
2-1: Fly out, F4 (Line Drive, 4, EV 61.9 MPH)
Bottom of the 6th over - 2 runs, 2 hits, 0 errors, 0 left on base; Johnson City 17 - Grand Junction 6
TOP OF THE 7TH
Johnson City Cardinals batting - Pitching for Grand Junction Rockies : RHP Jeff Sorrels
Batting: RHB Brad Payne 0-0: Called Strike
0-1: Called Strike
0-2: Ball
1-2: SINGLE (Flyball, 8LS, EV 90.6 MPH)
Batting: RHB Geoff Musico 0-0: Called Strike
0-1: Called Strike
0-2: Ball
1-2: Ball
2-2: Ball
3-2: Base on Balls
Brad Payne to second
Batting: RHB David Klein 0-0: Ball
1-0: Ball
2-0: Called Strike
2-1: Foul Ball, location: 2F
2-2: Strikes out looking
Batting: RHB Fortunato Fteira 0-0: Ball
1-0: Ball
2-0: Ball
3-0: Called Strike
3-1: Base on Balls
Brad Payne to third
Geoff Musico to second
Batting: RHB Austin Akers 0-0: Ball
1-0: DOUBLE (Line Drive, 7LM, EV 95.0 MPH)
Brad Payne scores
Geoff Musico scores
Fortunato Fteira to third
Pitching: RHP Zakhar Edelman
Batting: SHB Jason Kirby 0-0: Ball
1-0: Ball
2-0: Ball
3-0: Base on Balls
Batting: RHB Pat Scaturro 0-0: Ball
1-0: Called Strike
1-1: SINGLE (Groundball, 6MD, EV 102.5 MPH)
Fortunato Fteira scores
Austin Akers to third
Jason Kirby to second
Runner from 3rd tries for Home, SAFE, throw by CF to home
Batting: RHB Josh Broome 0-0: Ball
1-0: Called Strike
1-1: Ball
2-1: Ball
3-1: Base on Balls
Jason Kirby to third
Pat Scaturro to second
Batting: LHB Billy Guzman 0-0: Foul Ball, location: 2F
0-1: Ball
1-1: DOUBLE (Line Drive, 78D, EV 103.1 MPH)
Jason Kirby scores
Pat Scaturro scores
Josh Broome to third
Batting: RHB Brad Payne 0-0: Ball
Wild Pitch!
Josh Broome scores
Billy Guzman to third
1-0: Foul Ball, location: 2F
1-1: Ball
2-1: Called Strike
2-2: Foul Ball, location: 2F
2-2: Ground out 6-3 (Groundball, 6, EV 108.1 MPH)
Billy Guzman scores
Batting: RHB Geoff Musico 0-0: Called Strike
0-1: Ball
1-1: Ball
2-1: Swinging Strike
2-2: Foul Ball, location: 2F
2-2: SOLO HOME RUN (Flyball, 9LD, EV 93.1 MPH), Distance : 361 ft
Pitching: LHP Jason Ryan
Batting: RHB David Klein 0-0: Ball
1-0: Ball
2-0: Ground out 6-3 (Groundball, 6, EV 80.0 MPH)
Top of the 7th over - 9 runs, 5 hits, 0 errors, 0 left on base; Johnson City 26 - Grand Junction 6
BOTTOM OF THE 7TH
Grand Junction Rockies batting - Pitching for Johnson City Cardinals : LHP Carlos Salcido
Batting: LHB Chris Salim 0-0: Ball
1-0: Ball
2-0: Called Strike
2-1: Ball
3-1: Fly out, F8 (Flyball, 8RS, EV 87.5 MPH)
Batting: LHB Zack Guillen 0-0: Swinging Strike
0-1: Ball
1-1: Ball
2-1: Swinging Strike
2-2: Ball
3-2: Foul Ball, location: 2F
3-2: Strikes out swinging
Batting: RHB Willis Morales 0-0: Foul Ball, location: 2F
0-1: Ball
1-1: SINGLE (Groundball, 34S, EV 73.8 MPH) (infield hit)
Batting: LHB Harry Folsom
Pinch Hitting: RHB Doug D'Onofrio 0-0: Ball
1-0: Ball
2-0: Called Strike
2-1: Called Strike
2-2: Ground out 5-3 (Groundball, 5S, EV 71.2 MPH)
Bottom of the 7th over - 0 runs, 1 hit, 0 errors, 1 left on base; Johnson City 26 - Grand Junction 6
TOP OF THE 8TH
Johnson City Cardinals batting - Pitching for Grand Junction Rockies : LHP Jason Ryan
Now at 2B: Doug D'Onofrio
Batting: RHB Fortunato Fteira 0-0: Ball
1-0: Ball
2-0: Ball
3-0: Base on Balls
Batting: RHB Austin Akers 0-0: Ball
1-0: Ball
2-0: Swinging Strike
2-1: Fly out, F9 (Line Drive, 9D, EV 94.4 MPH)
Batting: SHB Jason Kirby 0-0: Foul Ball, location: 2F
0-1: Fly out, F8 (Flyball, 89XD, EV 83.1 MPH)
Batting: RHB Pat Scaturro 0-0: Foul Ball, location: 2F
0-1: Swinging Strike
0-2: Foul Ball, location: 2F
0-2: Foul Ball, location: 2F
Balk!
Fortunato Fteira to second
0-2: Ball
1-2: Strikes out swinging
Top of the 8th over - 0 runs, 0 hits, 0 errors, 1 left on base; Johnson City 26 - Grand Junction 6
BOTTOM OF THE 8TH
Grand Junction Rockies batting - Pitching for Johnson City Cardinals : LHP Carlos Salcido
Pitching: RHP Ray Strehler
Batting: RHB Juan Figueroa 0-0: Foul Ball, location: 2F
0-1: Fly out, F8 (Flyball, 8LD, EV 84.4 MPH)
Batting: RHB Keith Giarratano 0-0: Foul Ball, location: 2F
0-1: Foul Ball, location: 2F
0-2: Ball
1-2: Ball
2-2: Ball
3-2: DOUBLE (Flyball, 78D, EV 90.6 MPH)
Batting: LHB Steve Gilliam 0-0: Ball
1-0: Ball
2-0: Ball
Passed Ball!
Keith Giarratano to third
3-0: Called Strike
3-1: Swinging Strike
3-2: Strikes out swinging, 2-3 out at first.
Batting: LHB Bill McGregor 0-0: Called Strike
0-1: Foul Ball, location: 2F
0-2: Ball
1-2: Ground out 6-3 (Groundball, 6M, EV 84.4 MPH)
Bottom of the 8th over - 0 runs, 1 hit, 0 errors, 1 left on base; Johnson City 26 - Grand Junction 6
TOP OF THE 9TH
Johnson City Cardinals batting - Pitching for Grand Junction Rockies : LHP Jason Ryan
Batting: RHB Josh Broome 0-0: Ball
1-0: Foul Ball, location: 2F
1-1: Foul Ball, location: 2F
1-2: Ground out 4-3 (Groundball, 34D, EV 86.9 MPH)
Batting: LHB Billy Guzman 0-0: Ball
1-0: Called Strike
1-1: Ball
2-1: Foul Ball, location: 2F
2-2: Strikes out swinging
Batting: RHB Brad Payne 0-0: SOLO HOME RUN (Line Drive, 7LD, EV 93.1 MPH), Distance : 347 ft
Batting: RHB Geoff Musico 0-0: Ball
1-0: Called Strike
1-1: Swinging Strike
1-2: Foul Ball, location: 2F
1-2: Foul Ball, location: 2F
1-2: Strikes out swinging
Top of the 9th over - 1 run, 1 hit, 0 errors, 0 left on base; Johnson City 27 - Grand Junction 6
BOTTOM OF THE 9TH
Grand Junction Rockies batting - Pitching for Johnson City Cardinals : RHP Ray Strehler
Batting: RHB John Boyer 0-0: Ball
1-0: Called Strike
1-1: Foul Ball, location: 2F
1-2: Foul Ball, location: 2F
1-2: SINGLE (Popup, 5D, EV 52.5 MPH)
Batting: LHB Chris Salim 0-0: Ball
1-0: Foul Ball, location: 2F
1-1: Ball
2-1: Ball
3-1: Called Strike
3-2: SINGLE (Flyball, 8LS, EV 93.8 MPH)
John Boyer to second
Pitching: LHP Sean Cerna
Batting: RHB John Stevenson 0-0: Ball
1-0: Called Strike
1-1: Fly out, F4 (Flyball, 34D, EV 91.2 MPH)
Batting: RHB Willis Morales 0-0: Called Strike
0-1: Swinging Strike
0-2: Ball
1-2: Strikes out swinging
Batting: RHB Doug D'Onofrio 0-0: Called Strike
0-1: Called Strike
0-2: Ball
1-2: Ball
2-2: Ball
3-2: Base on Balls
John Boyer to third
Chris Salim to second
Batting: RHB Juan Figueroa 0-0: Foul Ball, location: 2F
0-1: DOUBLE (Flyball, 78XD, EV 101.9 MPH)
John Boyer scores
Chris Salim scores
Doug D'Onofrio to third
Batting: RHB Keith Giarratano 0-0: Foul Ball, location: 2F
0-1: Ball
1-1: Foul Ball, location: 2F
1-2: Fly out, F3 (Line Drive, 3, EV 67.5 MPH)
Bottom of the 9th over - 2 runs, 3 hits, 0 errors, 2 left on base; Johnson City 27 - Grand Junction 8
Thursday, March 31st , 2022 - OOTP Baseball 22.12 Build 89